[Event "FIDE World Cup O10-B 2024"]
[Site "Batumi"]
[Date "2024.06.28"]
[Round "6.1"]
[White "Ling, Chenxuan"]
[Black "Modith Aaroh Mutyalapati"]
[Result "1-0"]
[ECO "D10"]
[WhiteElo "1868"]
[BlackElo "1866"]
[Annotator "NA RC"]
[PlyCount "121"]
[EventDate "2024.06.23"]
[EventType "swiss"]
[EventCountry "GEO"]
[SourceTitle "playchess.com"]
[Source "ChessBase"]
[SourceQuality "1"]
[TimeControl "5400+30"]

1. d4 d5 2. c4 c6 3. cxd5 cxd5 4. Bf4 Nc6 5. e3 Nf6 6. Bd3 {[%emt 0:00:10] D10: Slav Defence: 3 cxd5 (without early Nf3) and 3 Nc3.} Bg4 7. f3 {[%emt 0:00:05] is more profitable than 7.Ne2 at the moment.} Bh5 8. Qb3 Qd7 9. Bb5 a6 $146 ({Predecessor:} 9... e6 10. Nd2 Rc8 11. Ne2 Bg6 12. Rc1 Be7 13. Kf2 O-O 14. Rc3 Nh5 15. Rhc1 f6 16. Bxc6 bxc6 {1-0 Yakubboev,N (2630)-Kramnik,V (2753) Airthings Masters Div 2 L rapid 2023 (4.3)}) 10. Bxc6 Qxc6 11. Ne2 Bg6 {[%emt 0:15:37] [#]} 12. Kd2 ({White should try} 12. Na3 $1 $16) 12... b5 13. Rc1 Qb6 14. a4 Bxb1 15. Raxb1 e6 16. axb5 Be7 17. Ra1 O-O 18. Rc7 Qxb5 19. Qxb5 axb5 20. Rxa8 Bb4+ 21. Kc2 Rxa8 22. Rb7 Bf8 ({Black should try} 22... Ne8) 23. Rxb5 Rc8+ 24. Kd2 Nh5 25. Rb8 Rc6 $2 (25... Rxb8 $16 26. Bxb8 Bb4+ 27. Kd3 Kf8) 26. b4 $18 (26. Be5 f6 27. g4 fxe5 $14) 26... Nxf4 27. Nxf4 Rc4 28. b5 g6 29. Nd3 Kg7 30. b6 Bd6 31. Rd8 Bb4+ 32. Kd1 Ba5 33. b7 Bxd8 34. b8=Q Bf6 35. Ne5 Bxe5 36. Qxe5+ Kg8 37. e4 Rb4 38. exd5 Rb5 39. dxe6 Rxe5 40. exf7+ Kxf7 41. dxe5 g5 42. g3 Ke6 43. f4 h6 44. Ke2 g4 45. Ke3 Kd5 46. Kd3 h5 47. Ke3 h4 48. gxh4 g3 49. hxg3 Ke6 50. Ke4 Kf7 51. f5 Kg7 52. g4 Kf7 53. g5 Kg7 54. h5 Kf7 55. e6+ Kg7 56. f6+ Kh7 57. g6+ Kh6 58. g7 Kh7 59. h6 Kxh6 60. g8=Q Kh5 61. Kf5 1-0

[Event "FIDE World Cup O10-B 2024"]
[Site "Batumi"]
[Date "2024.06.28"]
[Round "6.2"]
[White "Karthik, Anand T."]
[Black "Shogdzhiev, Roman"]
[Result "1-0"]
[ECO "B23"]
[WhiteElo "2022"]
[BlackElo "2060"]
[Annotator "NA RC"]
[PlyCount "141"]
[EventDate "2024.06.23"]
[EventType "swiss"]
[EventCountry "GEO"]
[SourceTitle "playchess.com"]
[Source "ChessBase"]
[SourceQuality "1"]
[TimeControl "5400+30"]

1. e4 c5 2. Nc3 d6 3. f4 Nc6 4. Nf3 g6 5. Bc4 Bg7 6. O-O e6 7. d4 {[%emt 0:00:43] B23: Closed Sicilian: Lines without g3.} cxd4 8. Nb5 Nge7 9. Bb3 O-O 10. Nbxd4 Na5 11. c3 b6 ({Better is} 11... Nxb3 $15 12. Qxb3 e5) 12. Bc2 Bb7 (12... Ba6 $11 {remains equal.}) 13. Re1 (13. f5 $16) 13... a6 14. Qe2 e5 (14... Qc7 $11 {keeps the balance.}) 15. Nb3 Nac6 16. Be3 (16. f5 $16) 16... Qc7 17. Qf2 b5 18. Bb6 Qc8 19. Rad1 exf4 20. Rxd6 Ne5 21. Nxe5 Bxe5 22. Rd2 Qe6 23. Na5 Bc8 24. Bb3 Qf6 25. c4 (25. Bd5 $14 Rb8 26. Bc5 (26. Ba7 Nxd5 27. exd5 Ra8 $18)) 25... Bg4 (25... Be6 $11) 26. c5 Rae8 27. h3 Bc8 28. Red1 Be6 29. Bd8 Bxb3 $14 30. axb3 Qe6 31. b4 Qc8 32. Bxe7 Rxe7 33. Qf3 Rfe8 34. Re2 Kg7 35. Rd5 h5 36. Nb3 Qe6 37. Nc1 Qf6 38. Nd3 Bd4+ 39. Kh1 Be3 40. e5 Qf5 41. Kh2 h4 42. Qg4 Qe4 43. Qf3 Qc4 44. Rd6 Re6 45. Rd7 R8e7 46. Rd8 Re8 47. Rd7 R6e7 48. Rd6 Kg8 49. Qd5 Kh7 50. c6 Rc8 51. Qf3 Rec7 52. Ne1 Kg8 53. e6 fxe6 54. Qg4 Kf7 55. Nf3 Ke7 56. Rd7+ Rxd7 57. cxd7 Rc5 58. bxc5 Qxe2 59. c6 Bb6 60. Qg5+ Kd6 61. d8=Q+ Bxd8 62. Qxd8+ Kc5 63. c7 Qxb2 64. c8=Q+ Kb4 65. Qe7+ Ka4 66. Qxa6+ Kb3 67. Qxb5+ Kc2 68. Qec5+ Kb1 69. Nd2+ Ka1 70. Qa5+ Qa3 71. Qcxa3# 1-0

[Event "FIDE World Cup O10-B 2024"]
[Site "Batumi"]
[Date "2024.06.28"]
[Round "6.3"]
[White "Yu, Zechen"]
[Black "Rahul Ramakrishnan"]
[Result "1-0"]
[ECO "C14"]
[WhiteElo "1889"]
[BlackElo "1838"]
[Annotator "NA RC"]
[PlyCount "117"]
[EventDate "2024.06.23"]
[EventType "swiss"]
[EventCountry "GEO"]
[SourceTitle "playchess.com"]
[Source "ChessBase"]
[SourceQuality "1"]
[TimeControl "5400+30"]

1. e4 e6 2. d4 d5 3. Nc3 Nf6 4. Bg5 Be7 5. e5 Nfd7 6. h4 h6 7. Bxe7 Qxe7 8. f4 a6 {[%emt 0:01:31] C14: French: Classical System: 4 Bg5 Be7 main line.} 9. Qd2 c5 10. Nf3 Nc6 11. Ne2 cxd4 12. Nexd4 ({Reject} 12. Nfxd4 f6 $11) 12... Nxd4 13. Nxd4 Nc5 14. Bd3 Bd7 (14... Nxd3+ $11 15. cxd3 O-O) 15. O-O-O O-O-O 16. Kb1 Nxd3 17. Qxd3 Kb8 18. h5 Rc8 19. g4 Rc4 20. c3 (20. Qd2 $16) 20... Rhc8 21. Rc1 (21. Rhg1 $16) 21... a5 (21... b5 $14 {might be stronger.}) 22. b3 R4c5 23. Kb2 a4 $14 24. b4 Rc4 25. a3 f6 26. Qe3 fxe5 27. Qxe5+ Ka8 28. Nf5 Qf8 29. Nd6 Qxf4 30. Qxf4 Rxf4 31. Nxc8 Bxc8 32. Rcf1 e5 33. Rxf4 exf4 34. Rf1 Bxg4 35. Rxf4 Bxh5 36. Rf5 Bg4 37. Rxd5 g6 38. Rd8+ Ka7 39. c4 h5 40. Kc3 Be6 41. Kd4 h4 42. Rh8 h3 43. Kc5 g5 44. b5 b6+ 45. Kc6 Bf5 46. c5 Be4+ 47. Kc7 bxc5 48. Rxh3 c4 49. Rc3 Bd5 50. b6+ Ka6 51. Rxc4 Bxc4 52. b7 Kb5 53. b8=Q+ Kc5 54. Qb4+ Kd5 55. Qxa4 g4 56. Qd7+ Kc5 57. Qd6+ Kb5 58. Qb4+ Ka6 59. Qa4# 1-0

[Event "FIDE World Cup O10-B 2024"]
[Site "Batumi"]
[Date "2024.06.28"]
[Round "6.4"]
[White "AlJamaat, Khaled"]
[Black "Zabelin, Platon"]
[Result "1/2-1/2"]
[ECO "D53"]
[WhiteElo "1644"]
[BlackElo "1799"]
[Annotator "NA RC"]
[PlyCount "113"]
[EventDate "2024.06.23"]
[EventType "swiss"]
[EventCountry "GEO"]
[SourceTitle "playchess.com"]
[Source "ChessBase"]
[SourceQuality "1"]
[TimeControl "5400+30"]

1. d4 d5 2. c4 e6 3. Nf3 Nf6 4. Nc3 Be7 5. Bg5 O-O 6. cxd5 Nxd5 7. Bxe7 Qxe7 8. e3 Nxc3 9. bxc3 c5 10. Bd3 Nc6 11. O-O e5 12. d5 e4 13. dxc6 Rd8 14. Qc2 exd3 15. cxb7 Bxb7 16. Qa4 Bxf3 17. gxf3 Qf6 18. f4 Qxc3 19. Rac1 Qb2 20. Rxc5 d2 21. Rd1 Rd6 22. Rc2 Qb7 23. Rcxd2 Rg6+ 24. Kf1 Qg2+ 25. Ke2 h5 26. Rd8+ Rxd8 27. Rxd8+ Kh7 28. Qxa7 Qg4+ 29. Kd2 Qf3 30. Qxf7 Qxf2+ 31. Kd3 Qf1+ 32. Ke4 Qb1+ 33. Rd3 Qh1+ 34. Ke5 Qxh2 35. Rd8 Rg5+ 36. Kd4 Qd2+ 37. Ke4 Qc2+ 38. Rd3 Qc6+ 39. Kd4 Ra5 40. Rc3 Ra4+ 41. Kd3 Qa6+ 42. Kc2 Rxa2+ 43. Kb1 Ra5 44. Qc4 Qb7+ 45. Rb3 Qh1+ 46. Kb2 Qa1+ 47. Kc2 Ra2+ 48. Kd3 Qf1+ 49. Kd4 Rd2+ 50. Rd3 Qa1+ 51. Ke4 Qa8+ 52. Qd5 Qa4+ 53. Qd4 Qc6+ 54. Qd5 Qg6+ 55. f5 Qg2+ 56. Ke5 Qxd5+ 57. Rxd5 1/2-1/2

[Event "FIDE World Cup O10-B 2024"]
[Site "Batumi"]
[Date "2024.06.28"]
[Round "6.5"]
[White "Xia, Joshua"]
[Black "Zhauynbay, Alimzhan"]
[Result "0-1"]
[ECO "B90"]
[WhiteElo "2060"]
[BlackElo "1903"]
[Annotator "NA RC"]
[PlyCount "104"]
[EventDate "2024.06.23"]
[EventType "swiss"]
[EventCountry "GEO"]
[SourceTitle "playchess.com"]
[Source "ChessBase"]
[SourceQuality "1"]
[TimeControl "5400+30"]

1. e4 c5 2. Nf3 d6 3. d4 cxd4 4. Nxd4 Nf6 5. Nc3 a6 6. Be3 Ng4 7. Bc1 Nf6 8. f3 Qb6 9. Nb3 e6 10. Qe2 Qc7 11. Be3 {[%emt 0:02:03] B90: Sicilian Najdorf: Unusual White 6th moves, 6 Be3 Ng4 and 6 Be3 e5.} b5 12. Qd2 (12. a3 $142) 12... Nbd7 (12... Bb7 $15) 13. g4 Ne5 14. Nd4 b4 15. Nd1 Nc4 16. Bxc4 Qxc4 17. h4 Bb7 18. Nf2 d5 19. e5 Nd7 20. f4 h5 21. g5 g6 22. Nd3 Be7 23. Kf2 O-O 24. b3 Qc7 25. Rae1 (25. Nxb4 $11 Nc5 26. Kg2) 25... Nc5 26. Nxc5 Bxc5 $17 27. Rhf1 Rac8 28. Rc1 Qd7 29. Rfe1 Kg7 30. Kg3 Rc7 31. Kh2 Rfc8 32. Re2 a5 33. Rg2 Ba7 34. f5 exf5 35. e6 fxe6 36. Bf4 Rc3 37. Re2 Kf7 38. Rce1 Re8 39. Be5 Ba6 40. Re3 Rxe3 41. Rxe3 Qc8 42. Bf6 Bb8+ 43. Kh1 Bf4 44. Nf3 Bb7 45. Kg1 Bxe3+ 46. Qxe3 Qxc2 47. Qb6 Qc1+ 48. Kh2 Qf4+ 49. Kg2 Qb8 50. Ne5+ Kg8 51. Nxg6 d4+ 52. Kh3 Bg2+ 0-1

[Event "FIDE World Cup O10-B 2024"]
[Site "Batumi"]
[Date "2024.06.28"]
[Round "6.6"]
[White "Akramov, Khasan"]
[Black "Muhammad Shayan Noushad Ibrahi"]
[Result "1-0"]
[ECO "A23"]
[WhiteElo "1718"]
[BlackElo "1785"]
[Annotator "NA RC"]
[PlyCount "125"]
[EventDate "2024.06.23"]
[EventType "swiss"]
[EventCountry "GEO"]
[SourceTitle "playchess.com"]
[Source "ChessBase"]
[SourceQuality "1"]
[TimeControl "5400+30"]

1. c4 e5 2. g3 Nf6 3. Bg2 c6 4. Nf3 e4 5. Nd4 d5 6. cxd5 cxd5 7. O-O Nc6 8. Nxc6 bxc6 9. d3 exd3 10. Qxd3 Be7 11. Nc3 Be6 12. b3 O-O 13. Bb2 Rc8 14. Rac1 c5 15. Rfd1 d4 16. Ne4 Qa5 17. a3 Rfd8 18. Nd2 Rb8 19. Nc4 Qb5 20. Ne5 Qxb3 21. Nc6 Qxd3 22. exd3 Rxb2 23. Nxe7+ Kf8 24. Nc6 Rc8 25. Rxc5 Ng4 26. Rf1 Rb3 27. Ra5 Rxd3 28. Rxa7 Bc4 29. Re1 Rd2 30. Ra4 Be6 31. Rxd4 Ra2 32. Nd8 Nf6 33. Nxe6+ fxe6 34. a4 Rcc2 35. Rf4 Kf7 36. h4 h6 37. Bh3 Rc6 38. Rb4 Nd5 39. Rbe4 Nc7 40. Bg2 Ra6 41. Rc4 Ne8 42. Rf4+ Nf6 43. Bh3 Ke7 44. Rb4 Nd5 45. Rbe4 Nc7 46. Rc4 Nd5 47. Bg2 Nb6 48. Rc6 R2xa4 49. Rexe6+ Kf7 50. Rxb6 Rxb6 51. Rxb6 Ra1+ 52. Kh2 Kg8 53. Rb7 Re1 54. Bd5+ Kh7 55. h5 Re5 56. Bf7 g5 57. hxg6+ Kg7 58. f4 Ra5 59. g4 h5 60. g5 h4 61. f5 Ra8 62. Bd5+ Kh8 63. Rh7# 1-0

[Event "FIDE World Cup O10-B 2024"]
[Site "Batumi"]
[Date "2024.06.28"]
[Round "6.8"]
[White "Kazimzade, Mahammad"]
[Black "Bergmann, Rafael Antonio"]
[Result "1/2-1/2"]
[ECO "C54"]
[WhiteElo "1594"]
[BlackElo "1743"]
[Annotator "NA RC"]
[PlyCount "94"]
[EventDate "2024.06.23"]
[EventType "swiss"]
[EventCountry "GEO"]
[SourceTitle "playchess.com"]
[Source "ChessBase"]
[SourceQuality "1"]
[TimeControl "5400+30"]

1. e4 e5 2. Nf3 Nc6 3. d4 exd4 4. Bc4 Bc5 5. c3 Nf6 6. e5 d5 7. Bb5 Ne4 8. cxd4 Bb6 9. Nc3 O-O 10. O-O Bg4 11. Bxc6 bxc6 12. Bf4 Bxf3 13. Qxf3 Bxd4 14. Nxe4 dxe4 15. Qxe4 Qd5 16. Qe2 Rab8 17. Bc1 Qxe5 18. Qxe5 Bxe5 19. Rb1 Rfe8 20. b3 Bd4 21. Bf4 Re2 22. a4 Rbe8 23. Bxc7 Rd2 24. Bf4 Rc2 25. Rbd1 Bb6 26. Bg3 h6 27. Rd3 Ree2 28. h3 g5 29. Rf3 Kg7 30. Rd1 Kg8 31. Rd7 Re1+ 32. Kh2 Rcc1 33. Bd6 Rcd1 34. Rf6 Re6 35. Rxe6 fxe6 36. g3 Bc5 37. Rd8+ Kh7 38. Be7 Rxd8 39. Bxd8 Bxf2 40. Kg2 Bc5 41. Kf3 Kg6 42. g4 Kf7 43. Ke4 Bd6 44. Ba5 Ke7 45. Bc3 Kf7 46. Bb2 c5 47. Bc3 a6 1/2-1/2

[Event "FIDE World Cup O10-B 2024"]
[Site "Batumi"]
[Date "2024.06.28"]
[Round "6.9"]
[White "Shen, Houlin"]
[Black "Jibladze, Nikoloz"]
[Result "1-0"]
[ECO "E70"]
[WhiteElo "1583"]
[BlackElo "1612"]
[Annotator "NA RC"]
[PlyCount "65"]
[EventDate "2024.06.23"]
[EventType "swiss"]
[EventCountry "GEO"]
[SourceTitle "playchess.com"]
[Source "ChessBase"]
[SourceQuality "1"]
[TimeControl "5400+30"]

1. d4 Nf6 2. c4 g6 3. Nc3 Bg7 4. e4 d6 5. Bd3 Nc6 6. Nge2 e5 7. d5 Ne7 8. f3 Nd7 9. Be3 b6 10. Qd2 h5 11. Bc2 a5 12. Nb5 Nc5 13. Nec3 Ng8 14. Na4 Nxa4 15. Bxa4 Kf8 16. Qc3 Bd7 17. O-O-O Bxb5 18. Bxb5 f5 19. Qd3 f4 20. Bd2 Ne7 21. g3 g5 22. h4 fxg3 23. Bxg5 Bh6 24. Qe3 Ng8 25. f4 exf4 26. Qxf4+ Qf6 27. Qxg3 Bxg5+ 28. hxg5 Qg6 29. e5 dxe5 30. Rhf1+ Kg7 31. Qxe5+ Kh7 32. Qxc7+ Qg7 33. Rf7 1-0

[Event "FIDE World Cup O10-B 2024"]
[Site "Batumi"]
[Date "2024.06.28"]
[Round "6.10"]
[White "Azimov, Yasin"]
[Black "Kiringoda, Thehas Rithmitha"]
[Result "1-0"]
[ECO "E00"]
[WhiteElo "1833"]
[BlackElo "1641"]
[Annotator "NA RC"]
[PlyCount "77"]
[EventDate "2024.06.23"]
[EventType "swiss"]
[EventCountry "GEO"]
[SourceTitle "playchess.com"]
[Source "ChessBase"]
[SourceQuality "1"]
[TimeControl "5400+30"]

1. d4 d5 2. c4 e6 3. g3 Nf6 4. Bg2 Bb4+ 5. Nd2 c6 6. Qc2 O-O 7. Ngf3 Ne4 8. O-O Bxd2 9. Nxd2 f5 10. Nxe4 fxe4 11. f3 exf3 12. Bxf3 Nd7 13. Bf4 Nf6 14. c5 b6 15. Bd6 Re8 16. e4 Ba6 17. Rf2 dxe4 18. Bxe4 Nxe4 19. Qxe4 Qd7 20. Qe5 Bc4 21. b3 Bd5 22. Raf1 bxc5 23. dxc5 a6 24. h4 a5 25. h5 h6 26. g4 a4 27. g5 Qd8 28. gxh6 gxh6 29. Rf6 Ra7 30. Rg6+ Kh7 31. Qe3 Qg5+ 32. Rxg5 hxg5 33. Qd3+ Kg8 34. Qg6+ Rg7 35. Qxe8+ Kh7 36. Rf8 Rg8 37. Rxg8 Be4 38. Qf7+ Kh6 39. Bf8# 1-0

[Event "FIDE World Cup O10-B 2024"]
[Site "Batumi"]
[Date "2024.06.28"]
[Round "6.11"]
[White "Kvaratskhelia, Giorgi"]
[Black "Akramov, Khusan"]
[Result "1-0"]
[ECO "B23"]
[WhiteElo "1548"]
[BlackElo "1477"]
[Annotator "NA RC"]
[PlyCount "55"]
[EventDate "2024.06.23"]
[EventType "swiss"]
[EventCountry "GEO"]
[SourceTitle "playchess.com"]
[Source "ChessBase"]
[SourceQuality "1"]
[TimeControl "5400+30"]

1. e4 c5 2. Nc3 g6 3. f4 Bg7 4. Nf3 Nc6 5. Bc4 d6 6. d3 e6 7. O-O Nge7 8. Qe1 O-O 9. Qh4 a6 10. f5 exf5 11. Bh6 b5 12. Bb3 c4 13. dxc4 bxc4 14. Bxc4 Qb6+ 15. Kh1 Qxb2 16. Nd5 Nxd5 17. Bxd5 Bd7 18. exf5 gxf5 19. Qg3 Qf6 20. Bxg7 Qxg7 21. Qxd6 Rac8 22. Qxd7 Rfd8 23. Qb7 Na5 24. Qxa6 Rxc2 25. Ne1 Rd2 26. Nd3 Nc4 27. Qxc4 Re8 28. Rae1 1-0

[Event "FIDE World Cup O10-B 2024"]
[Site "Batumi"]
[Date "2024.06.28"]
[Round "6.12"]
[White "Popov, Aleksandr And"]
[Black "Makhsatuly, Rakhim"]
[Result "0-1"]
[ECO "B58"]
[WhiteElo "1661"]
[BlackElo "1630"]
[Annotator "NA RC"]
[PlyCount "190"]
[EventDate "2024.06.23"]
[EventType "swiss"]
[EventCountry "GEO"]
[SourceTitle "playchess.com"]
[Source "ChessBase"]
[SourceQuality "1"]
[TimeControl "5400+30"]

1. e4 c5 2. Nf3 Nc6 3. d4 cxd4 4. Nxd4 Nf6 5. Nc3 d6 6. Be2 e5 7. Nf3 h6 8. h3 Be6 9. Be3 Be7 10. Qd2 d5 11. exd5 Nxd5 12. Nxd5 Qxd5 13. Qxd5 Bxd5 14. O-O O-O-O 15. Bb5 Bxf3 16. gxf3 Nd4 17. Bxd4 Rxd4 18. Bd3 Rhd8 19. Rfe1 R8d5 20. a3 Rf4 21. Rad1 Kc7 22. Kg2 b5 23. Re4 Bg5 24. Rde1 Kd6 25. Rh1 Rf6 26. Rb4 a6 27. a4 Bd2 28. Rg4 g6 29. Rd1 Bf4 30. Kf1 Re6 31. Ke2 f5 32. Rxf4 exf4+ 33. Kf1 bxa4 34. Ra1 Rd4 35. Bxa6 Kc5 36. Bd3 Rb6 37. Ra2 Rdb4 38. Kg2 Kd5 39. Ra1 Ke5 40. Re1+ Kf6 41. Ra1 Kg5 42. Kf1 Rxb2 43. Rxa4 Re6 44. Ra1 Kh4 45. Kg2 Reb6 46. Ra4 R2b4 47. Ra1 Rb1 48. Ra4 Kg5 49. h4+ Kxh4 50. Rxf4+ Kg5 51. Ra4 Rd1 52. f4+ Kf6 53. Ra5 h5 54. Rc5 Rb4 55. Rc6+ Kg7 56. Rc7+ Kh6 57. Kg3 Rg1+ 58. Kf3 h4 59. Rc8 Rb7 60. Bc4 h3 61. Bd5 h2 62. Ke2 h1=Q 63. Bxh1 Rxh1 64. c4 Kg7 65. c5 Kf7 66. c6 Rb6 67. c7 Rc6 68. Kf3 Rhc1 69. Rh8 Rxc7 70. Ra8 R1c3+ 71. Kg2 R7c4 72. Ra7+ Kf6 73. Ra6+ Kg7 74. Ra7+ Kh6 75. Ra8 Rxf4 76. Rh8+ Kg5 77. Rh1 Rcf3 78. Rf1 Rxf2+ 79. Rxf2 Rxf2+ 80. Kxf2 Kf4 81. Kg2 g5 82. Kf2 g4 83. Kg2 g3 84. Kg1 Kf3 85. Kf1 g2+ 86. Kg1 f4 87. Kh2 Kf2 88. Kh3 g1=Q 89. Kh4 Ke3 90. Kh5 f3 91. Kh6 Kf4 92. Kh7 Kf5 93. Kh8 f2 94. Kh7 Kf6 95. Kh8 Qg7# 0-1